 Dungeon Crawl Stone Soup version 0.31-a0-115-g4708a659fe (webtiles) character file.

Game seed: 1347414981466735536

248 Drazool the Shooter (level 5, -5/25 HPs)
             Began as a Spriggan Hunter on May 29, 2023.
             Slain by a bullfrog (7 damage)
             ... in a sewer.
             The game lasted 00:06:10 (1899 turns).

Drazool the Shooter (Spriggan Hunter)               Turns: 1899, Time: 00:06:11

Health: -5/25      AC:  3    Str:  7    XL:     5   Next: 86%
Magic:  6/6        EV: 18    Int: 11    God:
Gold:   27         SH:  0    Dex: 20    Spells: 4/4 levels left

rFire   + . .        a - +1 shortbow
rCold   . . .        (shield currently unavailable)
rNeg    . . .        c - +1 robe
rPois   .            (helmet restricted)
rElec   .            (no cloak)
rCorr   .            (gloves unavailable)
SInv    +            (boots unavailable)
Will    .....        (no amulet)
Stlth   +            F - ring of protection from fire
HPRegen 0.24/turn    (no ring)
MPRegen 0.10/turn

%: no passive effects
@: slow
A: very small, no large weapons, unfitting armour, see invisible, speed 3
a: no special abilities


You were in a sewer.
You visited 1 branch of the dungeon, and saw 3 of its levels.
You also visited: Sewer.

You collected 47 gold pieces.
You spent 20 gold pieces at shops.


Innate Abilities, Weirdness & Mutations

You are very small and have problems with some larger weapons.
You are too small for most types of armour.
You have supernaturally acute eyesight. (SInv)
You cover ground extremely quickly. (Speed+++)


   Skills:
 - Level 1.5 Fighting
 + Level 7.2 Ranged Weapons
 - Level 2.6 Dodging
 - Level 1.5 Stealth


You had 4 spell levels left.
You didn't know any spells.
Your spell library was empty.

Inventory:

Hand Weapons
 a - a +1 shortbow (weapon)
 d - a +0 dagger of venom
Missiles
 f - a throwing net {=f}
Armour
 c - a +1 robe (worn)
Jewellery
 F - a ring of protection from fire (left hand)
Scrolls
 b - a scroll of immolation
 e - 3 scrolls of amnesia
 i - a scroll of vulnerability {unknown}
 j - 2 scrolls of identify {@r1}
 m - a scroll of enchant weapon
 n - a scroll of teleportation {unknown}
Potions
 g - a potion of attraction {unknown}
 h - a potion of ambrosia {unknown}
 k - a potion of haste {unknown}
 o - a potion of enlightenment {unknown}
 p - a potion of lignification {unknown}

Dungeon Overview and Level Annotations

Branches:
Dungeon (3/15)              Sewer (1/1)

Altars:

Shops:
D:2

:[*[?
▒▒▒▒▒▒▒▒▒▒▒▒▒#▒▒▒▒#▒
..≈~≈≈≈~≈≈≈~≈≈≈~~#.#▒▒
..≈≈≈~≈~.l~≈≈S≈≈≈..†.▒▒
.~~≈≈~~≈≈≈#r~F@≈≈..†..▒
..#~~~~≈≈≈~~≈F~~~.....▒
..≈~~~~≈≈≈≈≈~~≈≈≈.....#▒
.#≈~≈≈≈≈≈≈≈≈≈≈≈≈~#..†..▒
▒▒▒▒▒▒▒#▒▒▒▒▒▒▒▒▒▒....▒
▒▒#▒...▒▒ ▒..▒....▒
▒..'....# #▒▒▒▒...▒


You could see 2 bullfrogs, a ball python, a frilled lizard and a rat.


Message History

As you read the scroll labelled ZIACYX FENT, it crumbles to dust.
It is a scroll of enchant weapon.
Your +0 shortbow glows red for a moment.
The ball python barely misses you. The ball python closely misses you.
The bullfrog misses you. The bullfrog hits you.
You enter the shallow water.
Moving in this stuff is going to be slow.
The bullfrog hits you.
* * * LOW HITPOINT WARNING * * *
The bullfrog closely misses you.
The ball python attacks as you move away!
The ball python barely misses you. The ball python completely misses you.
The bullfrog misses you. The ball python misses you.
The ball python completely misses you. The bullfrog hits you.
* * * LOW HITPOINT WARNING * * *
The ball python attacks as you move away!
The ball python completely misses you. The bullfrog closely misses you.
The ball python closely misses you. The ball python grabs you.
The ball python constricts you.
You escape the ball python's grasp.
The ball python attacks as you move away!
The ball python bites you.
* * * LOW HITPOINT WARNING * * *
The ball python completely misses you. The bullfrog misses you.
The bullfrog barely misses you. The bullfrog hits you.
* * * LOW HITPOINT WARNING * * *
As you read the scroll labelled ITTUNW PYOQ, it crumbles to dust.
It is a scroll of enchant armour.
Your +0 robe glows green for a moment.
The bullfrog hits you!
You die...

Skill      XL: |  1  2  3  4  5 |
---------------+----------------+-----
Ranged Weapons | 5 6 7 |  7.2
Fighting       | |  1.5
Dodging        | |  2.6
Stealth        | |  1.5

Action                     |  1- 3 |  4- 6 || total
---------------------------+-------+-------++-------
   Fire: Shortbow          |    81 |   172 ||   253
    Use: Scroll            |     1 |     2 ||     3
 Armour: Robe              |     1 |     2 ||     3
  Dodge: Dodged            |     8 |    46 ||    54

Levels and vault maps discovered:
D:1:      saegor_arrival_under_anarchy, layout_basic
D:2:      layout_rooms, serial_shops, nicolae_shop_tiny_glass, shop,
          nicolae_shop_hallway_plus, shop, nicolae_shop_behind_doors,
          dreamdust_princess_bridge, uniq_terence
D:3:      layout_loops_ring, grunt_dithmenos_smoke_and_mirrors,
          portal_sewer_entry_f
Sewer:    sewer_minmay_w

Notes
Turn   | Place    | Note
-------+----------+-------------------------------------------
     0 | D:1      | Drazool the Spriggan Hunter began the quest for the Orb.
     0 | D:1      | Reached XP level 1. HP: 10/10 MP: 2/2
   147 | D:1      | Reached XP level 2. HP: 14/14 MP: 3/3
   349 | D:1      | You fall into a shaft and drop 1 floor!
   356 | D:2      | Found Myikik's Book Shoppe.
   366 | D:2      | Noticed Terence
   384 | D:2      | Killed Terence
   385 | D:2      | Reached skill level 5 in Ranged Weapons
   385 | D:2      | Reached XP level 3. HP: 18/18 MP: 4/4
   431 | D:2      | Found Massi Pir's Antique Armour Shop.
   526 | D:2      | Found Babbonn's Armour Emporium.
  1107 | D:2      | Found Nuirgh's General Store.
  1141 | D:2      | Found Etaxydewe's Magic Scroll Emporium.
  1153 | D:2      | Bought a scroll of identify for 20 gold pieces
  1263 | D:2      | Reached XP level 4. HP: 22/22 MP: 5/5
  1337 | D:3      | Found a glowing drain.
  1379 | D:3      | Reached skill level 6 in Ranged Weapons
  1401 | Sewer    | Entered a sewer
  1500 | Sewer    | Reached XP level 5. HP: 25/25 MP: 6/6
  1743 | Sewer    | Reached skill level 7 in Ranged Weapons
  1898 | Sewer    | HP: 1/25 [bullfrog (5)]
  1899 | Sewer    | Slain by a bullfrog

Vanquished Creatures
  Terence (D:2)
  An iguana (D:2)
  4 adders
  9 river rats (Sewer)
  2 dart slugs (D:1)
  16 ball pythons
  An endoplasm (D:2)
  3 giant cockroaches (D:3)
  7 goblins
  3 hobgoblins
  4 jackals (D:2)
  2 kobolds
  2 quokkas (D:3)
  2 bats (D:1)
  5 frilled lizards
  29 rats (Sewer)
91 creatures vanquished.

Table legend: (Time is in decaauts)
 A = Elapsed time spent in this place.
 B = Non-inter-level travel time spent in this place.
 C = Inter-level travel time spent in this place.
 D = Time resting spent in this place.
 E = Time spent auto-exploring this place.
 F = Levels seen in this place.
 G = Mean time per level.
                   A        B        C        D        E       F      G
               +--------+--------+--------+--------+--------+-----+--------+
         Total |   1394 |   1345 |     49 |     76 |    769 |   4 |  348.5 |
       Dungeon |    922 |    873 |     49 |      0 |    619 |   3 |  307.3 |
         Sewer |    472 |    472 |      0 |     76 |    150 |   1 |  472.0 |
               +--------+--------+--------+--------+--------+-----+--------+

Top non-repeatable levels by time:
     D:1: 506 daAuts
   Sewer: 472 daAuts
     D:2: 345 daAuts
     D:3: 70 daAuts

Table legend:
 A = Non-vault XP
 B = Vault XP
 C = Vault XP percentage of total XP
 D = Non-vault monster count
 E = Vault monster count
 F = Vault count percentage of total count
                 A         B        C        D         E       F
            +---------+---------+-------+---------+---------+-------
      Total |     100 |     255 |  71.8 |      29 |      62 |  68.1
            +---------+---------+-------+---------+---------+-------
        D:1 |      25 |       0 |   0.0 |      13 |       0 |   0.0
        D:2 |      69 |      36 |  34.3 |      13 |       1 |   7.1
        D:3 |       6 |      10 |  62.5 |       3 |       5 |  62.5
      Sewer |       0 |     209 | 100.0 |       0 |      56 | 100.0
            +---------+---------+-------+---------+---------+-------
